 Dungeon Crawl Stone Soup version 0.31-a0-128-g25add195a6 (webtiles) character file.

Game seed: 14499321927037763068

2628 marky1606 the Martial Artist (level 9, 0/67 HPs)
             Began as a Demonspawn Monk on June 1, 2023.
             Was an Elder of Qazlal.
             Succumbed to Psyche's poison
             ... on level 8 of the Dungeon.
             The game lasted 00:40:15 (7511 turns).

marky1606 the Martial Artist (Demonspawn Monk)      Turns: 7511, Time: 00:40:16

Health: 0/67       AC: 17    Str: 12    XL:     9   Next: 35%
Magic:  3/9        EV:  8    Int: 11    God:    Qazlal [****..]
Gold:   161        SH:  0    Dex: 20    Spells: 8/8 levels left

rFire   . .          .
                       - Unarmed
rCold   + . .        F - +18 shield of the Gong {Loud rN+ Will+ rCorr EV-5}
rNeg    + . .        I - +2 leather armour {rC+}
rPois   .            z - +2 hat
rElec   .            (no cloak)
rCorr   +            (no gloves)
SInv    .            (no boots)
Will    +....        v - amulet of guardian spirit
Stlth   +            n - +4 ring of protection
HPRegen 0.31/turn    H - +4 ring of protection
MPRegen 0.11/turn

%: repel missiles, guardian spirit
@: confused, lethally poisoned (0 -> -7), hasted, very quick
A: slimy green scales 1, spiny 1, weakness stinger 2
a: Renounce Religion, Upheaval, Elemental Force


You were on level 8 of the Dungeon.
You worshipped Qazlal.
Qazlal was greatly pleased with you.
You visited 1 branch of the dungeon, and saw 8 of its levels.
You also visited: Sewer.

You collected 408 gold pieces.
You spent 247 gold pieces at shops.

Inventory:

Armour
 a - a +0 robe
 c - an orb of light
 z - a +2 hat (worn)
 F - the +18 shield of the Gong (worn) {Loud rN+ Will+ rCorr EV-5}
   (You found it on level 6 of the Dungeon)

   Loud:      It is deafeningly noisy when blocking attacks.
   EV:        It affects your evasion (-5).
   rN:        It protects you from negative energy.
   rCorr:     It protects you from acid and corrosion.
   Will:      It increases your willpower.
 I - a +2 leather armour of cold resistance (worn)
Jewellery
 e - an amulet of the acrobat
 n - a +4 ring of protection (left hand)
 p - a +6 ring of intelligence
 v - an amulet of guardian spirit (around neck)
 y - a ring of willpower
 H - a +4 ring of protection (right hand)
Wands
 o - a wand of acid (10)
 A - a wand of iceblast (10)
 G - a wand of paralysis (8)
Scrolls
 d - 2 scrolls of teleportation {unknown}
 g - 12 scrolls of identify
 h - 2 scrolls of fog {unknown}
 l - a scroll of vulnerability {unknown}
 m - 3 scrolls of immolation {unknown}
 q - a scroll of amnesia {unknown}
 r - 3 scrolls of noise {unknown}
 u - a scroll of magic mapping {unknown}
 w - a scroll of fear {unknown}
 C - 2 scrolls of blinking {unknown}
 D - a scroll of enchant weapon {unknown}
Potions
 f - a potion of haste
 i - a potion of attraction
 j - 2 potions of degeneration
 k - 5 potions of brilliance
 s - 2 potions of mutation {unknown}
 t - 3 potions of curing {unknown}
 x - a potion of lignification {unknown}
 B - a potion of enlightenment {unknown}
 E - 2 potions of invisibility {unknown}


   Skills:
 * Level 4.9 Fighting
 * Level 6.1 Dodging
 + Level 2.9 Shields
 * Level 9.6 Unarmed Combat


You had 8 spell levels left.
You didn't know any spells.
Your spell library contained the following spells:

 Spells                   Type           Power      Damage    Failure   Level
 Ensorcelled Hibernation  Hex/Ice        0%         N/A       95%         2
 Passwall                 Tmut/Erth      0%         N/A       95%         2
 Summon Guardian Golem    Hex/Summ       0%         N/A       99%         3
 Swiftness                Air            0%         N/A       99%         3
 Orb of Destruction       Conj           0%         9d5       100%        7
 Spellforged Servitor     Conj/Summ      0%         N/A       100%        7
 Storm Form               Tmut/Air       0%         N/A       100%        7
 Maxwell's Capacitive Co  Air            0%         ∞         100%        8


Dungeon Overview and Level Annotations

Branches:
Dungeon (8/15)             Temple (0/1) D:5           Sewer (visited)
   Lair: D:8-11

Altars:
Kikubaaqudgha
Qazlal
Vehumet
Xom
Yredelemnul

Shops:
D:4 [   D:7 [

Annotations:
D:5 2 runed translucent doors
D:8 Erica, Psyche


Innate Abilities, Weirdness & Mutations

You are partially covered in slimy green scales. (AC +2)
You are partially covered in sharp spines.
You have a tail ending in a sharp stinger.


Message History

You block the wyvern's attack.
PANG!
You hear a shout!
The wyvern attacks as you move away! You block the wyvern's attack.
GONNNNG!
You block the orc warrior's attack.
GONNNNG!
You hear some strange, mumbled words.
A swirling arc of seething chaos appears!
An arc of chaos appears from out of thin air!
The arc of chaos hits you but does no damage.
The arc of chaos hits the wyvern.
You miss something.
Your tail-slap misses something.
You block the orc warrior's attack.
GONNNNG!
Something hits you.
* * * LOW HITPOINT WARNING * * *
Something burns you. Something hits you but does no damage.
You are lethally poisoned!
You block the wyvern's attack.
GONNNNG!
You hit something.
* * * LOW HITPOINT WARNING * * *
You feel sick. You block the wyvern's attack.
BONNNG!
The orc warrior is struck by your spines.
The orc warrior completely misses you. Something hits you.
* * * LOW HITPOINT WARNING * * *
Something burns you.
* * * LOW HITPOINT WARNING * * *
Something hits you.
* * * LOW HITPOINT WARNING * * *
You hear a shout!
You closely miss something.
* * * LOW HITPOINT WARNING * * *
You feel sick. You block the wyvern's attack.
GONNNNG!
Something hits you but does no damage.
You are confused.
You hear a shout! x2
You're too confused to move!
You die...

. ### ..###..##
........# ........#
.....o.o# .....o..#
####.#
##########.°SS#
#.../.#.☼.@lo.#
+.....#...o{..+ #
#..##..○..##
##########..##.....#
.).....{o...>.)....#
....................#
##..##..##..##......#
##+##..##..#########
.. ..........


You could see 2 orc warriors, 2 water moccasins and a wyvern.

Vanquished Creatures
  Grinder (D:5)
  Sigmund (D:2)
  Eustachio (D:5)
  3 ice beasts
  A black bear (D:5)
  An orc warrior (D:6)
  2 centaurs
  A phantom (D:6)
  A gnoll sergeant (D:3)
  2 bullfrogs (Sewer)
  3 scorpions
  A wight (D:7)
  6 killer bees (D:7)
  A howler monkey (D:7)
  2 hounds
  2 jellies
  A gnoll bouda (D:7)
  An orc priest (D:7)
  Jessica (D:3)
  An iguana (D:5)
  2 sleepcaps (D:7)
  3 orc wizards
  10 adders
  7 gnolls
  A shadow imp (D:6)
  5 white imps
  3 ufetubi
  A worm (D:3)
  2 dart slugs
  23 orcs
  10 ball pythons
  8 endoplasms
  7 giant cockroaches
  3 goblins
  9 hobgoblins
  7 jackals
  15 quokkas
  A bat (D:1)
  8 frilled lizards
  3 kobolds
  4 rats
165 creatures vanquished.

Vanquished Creatures (others)
  A white imp (D:8)
  2 orcs (D:8)
3 creatures vanquished.

Grand Total: 168 creatures vanquished

Notes
Turn   | Place    | Note
-------+----------+-------------------------------------------
     0 | D:1      | marky1606 the Demonspawn Monk began the quest for the Orb.
     0 | D:1      | Reached XP level 1. HP: 18/18 MP: 1/1
   368 | D:1      | Reached skill level 3 in Unarmed Combat
   368 | D:1      | Gained mutation: You have a small tail. [demonic ancestry]
   368 | D:1      | Reached XP level 2. HP: 24/24 MP: 2/2
  1066 | D:2      | Noticed Sigmund
  1088 | D:2      | Killed Sigmund
  1089 | D:2      | Reached skill level 4 in Unarmed Combat
  1089 | D:2      | Reached XP level 3. HP: 3/29 MP: 3/3
  1089 | D:2      | Gained mutation: You have a tail ending in a sharp stinger.
                  | [demonic ancestry]
  1089 | D:2      | Reached XP level 4. HP: 4/35 MP: 4/4
  1089 | D:2      | Reached XP level 5. HP: 4/41 MP: 5/5
  1752 | D:3      | Found a faded altar of an unknown god.
  1970 | D:3      | Found a stormy altar of Qazlal.
  1976 | D:3      | Became a worshipper of Qazlal Stormbringer
  1976 | D:3      | Reached * piety under Qazlal
  1976 | D:3      | Reached ** piety under Qazlal
  2024 | D:3      | Noticed Jessica
  2033 | D:3      | Killed Jessica
  2034 | D:3      | Reached skill level 5 in Unarmed Combat
  2034 | D:3      | Reached XP level 6. HP: 42/47 MP: 6/6
  2127 | D:3      | Noticed an ice beast
  2141 | D:3      | Killed an ice beast
  2929 | D:4      | Found an ancient bone altar of Kikubaaqudgha.
  2929 | D:4      | Found a basalt altar of Yredelemnul.
  2929 | D:4      | Found a shimmering altar of Xom.
  2966 | D:4      | Reached skill level 6 in Unarmed Combat
  3470 | D:4      | Found a radiant altar of Vehumet.
  3583 | D:4      | Found Nithroade's Antique Armour Emporium.
  4005 | D:3      | Gained mutation: You are partially covered in sharp spines.
                  | [demonic ancestry]
  4005 | D:3      | Reached XP level 7. HP: 47/52 MP: 7/7
  4060 | D:4      | Reached *** piety under Qazlal
  4209 | D:5      | Entered Level 5 of the Dungeon
  4294 | D:5      | Found a staircase to the Ecumenical Temple.
  4414 | D:5      | Reached skill level 1 in Shields
  4565 | D:5      | Noticed Eustachio
  4589 | D:5      | Killed Eustachio
  4590 | D:5      | Reached skill level 7 in Unarmed Combat
  4668 | D:5      | Reached skill level 5 in Dodging
  4680 | D:5      | Found a large runed translucent door.
  4681 | D:5      | Found a large runed translucent door.
  4737 | D:5      | Gained mutation: You are partially covered in slimy green
                  | scales. (AC +2) [demonic ancestry]
  4737 | D:5      | Reached XP level 8. HP: 27/60 MP: 3/8
  4908 | D:5      | Noticed Grinder
  4909 | D:5      | Paralysed by Grinder for 3 turns
  4916 | D:5      | Killed Grinder
  5334 | D:6      | Found a glowing drain.
  5357 | Sewer    | Entered a sewer
  5480 | Sewer    | Reached skill level 8 in Unarmed Combat
  5666 | Sewer    | Reached **** piety under Qazlal
  6029 | D:6      | Found the +18 shield of the Gong {Loud rN+ Will+ rCorr
                  | EV-5}
  6398 | D:7      | Reached skill level 9 in Unarmed Combat
  6405 | D:7      | Reached XP level 9. HP: 56/66 MP: 9/9
  7203 | D:7      | Found Ocsikaok's Armour Shoppe.
  7344 | D:7      | Bought a +2 leather armour of cold resistance for 247 gold
                  | pieces
  7468 | D:8      | Noticed Erica
  7474 | D:8      | Noticed Psyche
  7509 | D:8      | HP: 2/67 [something (4)]
  7511 | D:8      | Succumbed to Psyche's poison

Illustrated notes

Levels and vault maps discovered:
D:1:      minmay_arrival_loop, layout_basic
D:2:      layout_basic, uniq_sigmund
D:3:      layout_basic, elyvilon_altar_5, old_standard_altar,
          ebering_ecumenical_altar_rust, uniq_jessica
D:4:      layout_loops_cross, fiery_altar_vehumet,
          gammafunk_temple_overflow_claw, serial_shops, kennysheep_mini_moat
D:5:      layout_cave_pools, jmf_multi_god_temple2, temple_doors_e,
          nicolae_elevator_lobby_plus, uniq_eustachio, uniq_grinder
D:6:      layout_basic, portal_sewer_entry_f, minivault_10, nicolae_hexahallways
D:7:      layout_loops_ring, serial_shops, shop, kennysheep_generic_room_14
D:8:      layout_gridville, ashenzari_altar_1, mainiacjoe_overflow_alcove_4,
          uniq_psyche, uniq_erica

Skill      XL: |  1  2  3  4  5  6  7  8  9 |
---------------+----------------------------+-----
Unarmed Combat | 3 4 5 6 7 9 |  9.6
Dodging        | 3 4 5 6 |  6.1
Shields        | 1 2 |  2.9
Fighting       | 4 |  4.9

Action                     |  1- 3 |  4- 6 |  7- 9 || total
---------------------------+-------+-------+-------++-------
  Melee: Unarmed           |    71 |   199 |   280 ||   550
         Tailslap          |    11 |    43 |    55 ||   109
    Use: Scroll            |       |     4 |       ||     4
         Potion            |       |     1 |     2 ||     3
 Armour: Robe              |     4 |    17 |    50 ||    71
         Leather armour    |       |       |    10 ||    10
  Dodge: Dodged            |    40 |   124 |    95 ||   259
         Repelled          |       |       |     2 ||     2
  Block: Orb               |       |    23 |    20 ||    43
         Kite shield       |       |       |   181 ||   181

Table legend: (Time is in decaauts)
 A = Elapsed time spent in this place.
 B = Non-inter-level travel time spent in this place.
 C = Inter-level travel time spent in this place.
 D = Time resting spent in this place.
 E = Time spent auto-exploring this place.
 F = Levels seen in this place.
 G = Mean time per level.
                   A        B        C        D        E       F      G
               +--------+--------+--------+--------+--------+-----+--------+
         Total |   7565 |   7565 |      0 |   1844 |      0 |   9 |  840.6 |
       Dungeon |   7106 |   7106 |      0 |   1721 |      0 |   8 |  888.2 |
         Sewer |    458 |    458 |      0 |    122 |      0 |   1 |  458.0 |
               +--------+--------+--------+--------+--------+-----+--------+

Top non-repeatable levels by time:
     D:3: 1546 daAuts
     D:7: 1099 daAuts
     D:6: 1022 daAuts
     D:1: 986 daAuts
     D:4: 934 daAuts
     D:5: 748 daAuts
     D:2: 719 daAuts
   Sewer: 458 daAuts
     D:8: 49 daAuts
